 Dungeon Crawl Stone Soup version 0.30-a0-223-gcb0039aa0c (webtiles) character file.

Game seed: 7611282258380365963

1368 qw the Cleaver (level 8, -6/51 HPs)
             Began as a Gargoyle Fighter on Oct 9, 2022.
             Mangled by an orc warrior
             ... wielding a +0 trident
              (11 damage)
             ... on level 5 of the Dungeon.
             The game lasted 00:01:52 (4967 turns).

qw the Cleaver (Gargoyle Fighter)                   Turns: 4967, Time: 00:01:53

Health: -6/51      AC: 15    Str: 23    XL:     8   Next: 65%
Magic:  8/8        EV:  9    Int:  8    God:
Gold:   104        SH:  4    Dex:  9    Spells: 7/7 levels left

rFire   . . .      SeeInvis .    Y - +3 war axe
rCold   . . .      Faith    .    c - +0 buckler
rNeg    + . .      Spirit   .    b - +0 scale mail
rPois   inf        Reflect  .    (no helmet)
rElec   +          Harm     .    h - +1 cloak of Fun and Games {rElec}
rCorr   .          Rampage  .    k - +0 pair of gloves
Will    .....                    (no boots)
Stlth   ..........               (no amulet)
HPRegen 0.28/turn                (no ring)
MPRegen 0.11/turn                (no ring)

@: about to teleport
A: sickness immunity, AC +5, negative energy resistance 1, electricity
resistance, torment resistance 1, petrification resistance
a: no special abilities


You were on level 5 of the Dungeon.
You visited 1 branch of the dungeon, and saw 5 of its levels.
You also visited: Ossuary.

You collected 204 gold pieces.
You spent 100 gold pieces at shops.


Innate Abilities, Weirdness & Mutations

You are immune to sickness and miasma.
Your stone body is resilient. (AC +5)
You are immune to poison.
You resist negative energy. (rN+)
You are resistant to electric shocks. (rElec)
You are resistant to unholy torment.
You are immune to petrification.


   Skills:
 - Level 6.0 Fighting
 + Level 8.0 Axes
 - Level 2.3 Throwing
 - Level 3.2 Armour
 - Level 1.3 Dodging
 - Level 3.2 Shields


You had 7 spell levels left.
You didn't know any spells.
Your spell library was empty.

Inventory:

Hand Weapons
 p - a +1 flail of protection
 Y - a +3 war axe (weapon)
Missiles
 m - a javelin (quivered)
Armour
 b - a +0 scale mail (worn)
 c - a +0 buckler (worn)
 h - the +1 cloak of Fun and Games (worn) {rElec}
   (You acquired it on level 2 of the Dungeon)

   rElec:     It insulates you from electricity.
 k - a +0 pair of gloves (worn)
 n - a +0 chain mail
Scrolls
 a - 7 scrolls of identify
 g - a scroll of brand weapon {unknown}
Potions
 d - a potion of might
 e - a potion of attraction
 f - 4 potions of curing
 i - a potion of mutation
 j - a potion of lignification
 l - a potion of haste

Dungeon Overview and Level Annotations

Branches:
Dungeon (5/15)            Ossuary (visited)
 Temple: D:4-7

Altars:
Hepliaklqana

Shops:
D:3 ?


Message History

You block the stone.
The orc warrior hits you but does no damage.
You hit the orc warrior but do no damage.
The orc warrior is severely wounded.
You completely miss something. Something hits you but does no damage.
The orc throws a stone.
The orc warrior barely misses you.
You closely miss the orc warrior.
The orc warrior is severely wounded.
You barely miss something. Something hits you but does no damage.
You block the orc warrior's attack.
You completely miss the orc warrior.
The orc warrior is severely wounded.
You barely miss something.
The orc warrior hits you but does no damage.
You hear some strange, mumbled words.
Something tries to affect you, but you resist.
You hit the orc warrior but do no damage.
The orc warrior is severely wounded.
You miss something. Something hits you but does no damage.
The orc warrior hits you with a +0 trident!
Something hits you but does no damage.
The orc warrior hits you with a +0 trident.
You closely miss the orc warrior.
The orc warrior is severely wounded.
You closely miss something. Something hits you.
The orc warrior hits you but does no damage.
You hit the orc warrior.
The orc warrior is almost dead.
You slash something! Something hits you.
The orc warrior hits you with a +0 trident!
4967 ||| READING scroll of teleportation.
As you read the scroll of teleportation, it crumbles to dust.
You feel strangely unstable. You block something's attack.
The orc warrior hits you with a +0 trident!
You die...

#...###.######.......))#
#...##.## #..######.#### #
##..#.###. #.## #....#### ##
##.#. ..$## #.# ##......##
.####.# #8.. #.# ##........
..##..# 8...#.# ##.........
......# ..##..#.#
##)......... #..##.#
......{o## #...........
#.###.# #@.####.)).......>
#.# #.# ###
#)..##............ ..# #..
####.###.#............... .##
#.###..[..##.###.............
.
#............##..............
.
######....#####..............
. ####.#### #..............
..#####.....####
##.............
...............#
#.............


You could see an orc warrior.

Vanquished Creatures
  Menkaure (Ossuary)
  A water moccasin (D:5)
  A sky beast (D:4)
  2 black bears (D:5)
  A phantom (D:5)
  An elf zombie (D:4)
  An elf skeleton (D:4)
  A gnoll sergeant (D:5)
  3 scorpions (D:4)
  A jelly (D:5)
  3 hounds (D:5)
  2 orc priests (D:5)
  An iguana (D:5)
  3 mummies (Ossuary)
  5 gnolls (D:5)
  An ufetubus (D:4)
  A worm (D:5)
  3 dart slugs
  15 orcs
  4 ball pythons (D:1)
  3 giant cockroaches
  2 gnoll zombies (Ossuary)
  7 goblins
  7 hobgoblins
  A jackal (D:4)
  6 kobolds
  4 quokkas
  A bat (D:2)
  3 frilled lizards
  3 gnoll skeletons (Ossuary)
  6 goblin skeletons (Ossuary)
  6 goblin zombies (Ossuary)
  2 hobgoblin skeletons (Ossuary)
  5 hobgoblin zombies (Ossuary)
  7 kobold skeletons (Ossuary)
  4 kobold zombies (Ossuary)
  4 orc skeletons
  6 orc zombies
  5 rats
  6 rat skeletons (Ossuary)
  3 rat zombies (Ossuary)
142 creatures vanquished.

Notes
Turn   | Place    | Note
-------+----------+-------------------------------------------
     0 | D:1      | qw the Gargoyle Fighter began the quest for the Orb.
     0 | D:1      | Reached XP level 1. HP: 14/14 MP: 1/1
     0 | D:1      | 0 ||| qw: Version: 0.2-a-17-g06abaee
     0 | D:1      | 0 ||| qw: Game counter: 2158
     0 | D:1      | 0 ||| qw: Always use a shield: true
     0 | D:1      | 0 ||| qw: God list: Okawaru
     0 | D:1      | 0 ||| qw: Allow faded altars: false
     0 | D:1      | 0 ||| qw: Do Orc after D:15 true
     0 | D:1      | 0 ||| qw: Do second Lair branch before Depths: true
     0 | D:1      | 0 ||| qw: Lair rune preference: random
     0 | D:1      | 0 ||| qw: Plans: Normal, Zot:1-4, God:TSO, Crypt, Tomb,
                  | Pan, Slime:5, Hells, Abyss, Orb
     0 | D:1      | 0 ||| PLANNING D:1-11
    49 | D:1      | Reached skill level 2 in Axes
   173 | D:1      | Reached XP level 2. HP: 15/19 MP: 2/2
   361 | D:1      | Found a faded altar of an unknown god.
   458 | D:1      | 458 ||| Stepping ~*~*~tactically~*~*~ (stealth).
   460 | D:1      | 460 ||| Stepping ~*~*~tactically~*~*~ (hiding).
   518 | D:1      | Reached skill level 3 in Axes
   538 | D:1      | Reached XP level 3. HP: 23/23 MP: 3/3
   823 | D:1      | 823 ||| READING 2 scrolls labelled QINLA ACYGIAL.
  1022 | D:2      | Reached skill level 1 in Throwing
  1563 | D:2      | 1563 ||| READING scroll labelled TEUREE UNLO.
  1563 | D:2      | Identified a scroll of acquirement
  1563 | D:2      | 1563 ||| ACQUIRING +1 cloak of Fun and Games {rElec}
  1563 | D:2      | Acquired the +1 cloak of Fun and Games {rElec}
  1565 | D:2      | 1565 ||| UPGRADING to +1 cloak of Fun and Games {rElec}.
  1570 | D:2      | 1570 ||| READING scroll labelled VOUMOPSAES.
  1571 | D:2      | 1571 ||| READING scroll labelled NUJIER WUPPOK.
  1615 | D:3      | 1615 ||| Stepping ~*~*~tactically~*~*~ (stealth).
  1707 | D:3      | 1707 ||| Stepping ~*~*~tactically~*~*~ (stealth).
  1739 | D:3      | 1739 ||| Stepping ~*~*~tactically~*~*~ (stealth).
  1741 | D:3      | 1741 ||| Stepping ~*~*~tactically~*~*~ (stealth).
  1742 | D:3      | 1742 ||| Stepping ~*~*~tactically~*~*~ (stealth).
  1743 | D:3      | 1743 ||| Stepping ~*~*~tactically~*~*~ (stealth).
  1908 | D:3      | Found Plog's Magic Scroll Shop.
  1921 | D:3      | 1921 ||| BUYING 2 scrolls of identify (40 gold).
  1921 | D:3      | Bought 2 scrolls of identify for 40 gold pieces
  1921 | D:3      | 1921 ||| SHOPLISTING scroll of enchant armour (75 gold,
                  | have 67).
  1921 | D:3      | 1921 ||| BUYING scroll of identify (20 gold).
  1921 | D:3      | Bought a scroll of identify for 20 gold pieces
  1921 | D:3      | 1921 ||| BUYING scroll of identify (20 gold).
  1921 | D:3      | Bought a scroll of identify for 20 gold pieces
  1921 | D:3      | 1921 ||| BUYING scroll of identify (20 gold).
  1921 | D:3      | Bought a scroll of identify for 20 gold pieces
  1921 | D:3      | 1921 ||| SHOPLISTING scroll of identify (20 gold, have 7).
  2295 | D:3      | Found a hazy altar of Hepliaklqana.
  2355 | D:3      | 2355 ||| DROPPING +6 ring of intelligence.
  2356 | D:3      | 2356 ||| READING scroll labelled FOUDEWIMEC.
  2357 | D:3      | 2357 ||| READING 2 scrolls labelled MOONUS QEREI.
  2358 | D:3      | 2358 ||| READING 6 scrolls of identify.
  2358 | D:3      | 2358 ||| IDENTIFYING fuming emerald potion
  2359 | D:3      | 2359 ||| READING 5 scrolls of identify.
  2359 | D:3      | 2359 ||| IDENTIFYING dark potion
  2360 | D:3      | 2360 ||| READING 4 scrolls of identify.
  2360 | D:3      | 2360 ||| IDENTIFYING viscous clear potion
  2361 | D:3      | 2361 ||| DROPPING potion of brilliance.
  2362 | D:3      | 2362 ||| DROPPING scroll of fear.
  2392 | D:4      | 2392 ||| PLANNING OSSUARY
  2537 | D:4      | Noticed a scorpion
  2538 | D:4      | 2538 ||| Stepping ~*~*~tactically~*~*~ (stealth).
  2548 | D:4      | Killed a scorpion
  2549 | D:4      | Reached skill level 4 in Axes
  2549 | D:4      | Reached XP level 4. HP: 22/28 MP: 4/4
  2644 | D:4      | Reached XP level 5. HP: 32/32 MP: 5/5
  2729 | D:4      | Noticed a sky beast
  2730 | D:4      | 2730 ||| Stepping ~*~*~tactically~*~*~ (stealth).
  2748 | D:4      | Killed a sky beast
  2749 | D:4      | Reached skill level 5 in Axes
  2946 | D:4      | Reached XP level 6. HP: 29/38 MP: 6/6
  3001 | D:4      | Reached skill level 1 in Dodging
  3019 | D:4      | Found a sand-covered staircase.
  3021 | D:4      | 3021 ||| UPGRADING to +0 pair of gloves.
  3026 | D:4      | 3026 ||| READING scroll labelled MYNEBB VALAUDGH.
  3027 | D:4      | 3027 ||| READING 4 scrolls of identify.
  3027 | D:4      | 3027 ||| IDENTIFYING ruby potion
  3031 | Ossuary  | Entered an ossuary
  3836 | Ossuary  | Noticed Menkaure
  3841 | Ossuary  | Killed Menkaure
  3842 | Ossuary  | Reached skill level 6 in Axes
  3842 | Ossuary  | Reached XP level 7. HP: 43/43 MP: 7/7
  3876 | Ossuary  | 3876 ||| READING scroll of enchant weapon.
  3876 | Ossuary  | 3876 ||| ENCHANTING +1 war axe.
  3892 | Ossuary  | 3892 ||| READING scroll of enchant weapon.
  3892 | Ossuary  | 3892 ||| ENCHANTING +2 war axe.
  3899 | Ossuary  | 3899 ||| READING scroll labelled AGETOA KEIGIT.
  3900 | Ossuary  | 3900 ||| READING scroll labelled RYRUEG LONINEP.
  3901 | Ossuary  | 3901 ||| DRINKING 3 silvery potions.
  3902 | Ossuary  | 3902 ||| DRINKING 2 grey potions.
  4003 | Ossuary  | 4003 ||| READING 6 scrolls of identify.
  4003 | Ossuary  | 4003 ||| IDENTIFYING fuming golden potion
  4004 | Ossuary  | 4004 ||| DROPPING potion of ambrosia.
  4009 | D:4      | 4009 ||| PLANNING D:1-11
  4250 | D:4      | 4250 ||| READING scroll labelled QUPACA NEEVAC.
  4270 | D:5      | Entered Level 5 of the Dungeon
  4278 | D:5      | 4278 ||| Stepping ~*~*~tactically~*~*~ (stealth).
  4282 | D:5      | Reached skill level 7 in Axes
  4295 | D:5      | Reached XP level 8. HP: 47/49 MP: 8/8
  4380 | D:5      | 4380 ||| DROPPING +0 mace.
  4381 | D:5      | 4381 ||| DROPPING +0 flail.
  4541 | D:5      | Reached skill level 8 in Axes
  4541 | D:5      | HP: 8/49 [gnoll sergeant/+2 spear of flaming (8)]
  4542 | D:5      | 4542 ||| READING 2 scrolls of teleportation.
  4940 | D:5      | 4940 ||| Stepping ~*~*~tactically~*~*~ (hiding).
  4942 | D:5      | 4942 ||| Stepping ~*~*~tactically~*~*~ (hiding).
  4955 | D:5      | Reached skill level 6 in Fighting
  4966 | D:5      | HP: 5/51 [orc warrior/+0 trident (9)]
  4967 | D:5      | 4967 ||| READING scroll of teleportation.
  4967 | D:5      | Mangled by an orc warrior

Levels and vault maps discovered:
D:1:      scummos_arrival_forest, layout_basic,
          shapermc_ecumenical_altar_mp_vishouse, eino_curves_01
D:2:      layout_basic
D:3:      cheibrodos_old_hovel, layout_loops_cross,
          worldfamousw_hep_ancestral_shrine, serial_shops,
          nicolae_shop_hallway_plus, minmay_goblin_outpost
D:4:      kennysheep_big_flooded_room, layout_loops_ring,
          nicolae_ossuary_entry_catacombs
D:5:      layout_cave_pods, minmay_temple_entry_nine_rooms, serial_column_ruins,
          column_ruins_grid_1, column_ruins_columns_corner, column_ruins_grid_1,
          column_ruins_grid_2, column_ruins_open_medium, column_ruins_grid_3,
          column_ruins_open_tiny, guppyfry_early_orc_mine

Skill      XL: |  1  2  3  4  5  6  7  8 |
---------------+-------------------------+-----
Axes           | 2 3 4 5 6 7 8 |  8.0
Throwing       | 1 2 |  2.3
Fighting       | 4 5 6 |  6.0
Dodging        | 1 |  1.3
Armour         | |  3.2
Shields        | |  3.2

Action                   |  1- 3 |  4- 6 |  7- 9 || total
-------------------------+-------+-------+-------++-------
Melee: War axe           |    82 |   106 |   126 ||   314
Throw: Javelin           |    44 |    32 |    13 ||    89
       Boomerang         |     1 |    37 |       ||    38
  Use: Scroll            |     9 |     2 |     8 ||    19
       Potion            |       |       |     2 ||     2
Armor: Scale mail        |    45 |    44 |    97 ||   186
Dodge: Dodged            |    44 |    23 |    75 ||   142
Block: Buckler           |    12 |    10 |    28 ||    50

Table legend:
 A = Non-vault XP
 B = Vault XP
 C = Vault XP percentage of total XP
 D = Non-vault monster count
 E = Vault monster count
 F = Vault count percentage of total count
                 A         B        C        D         E       F
            +---------+---------+-------+---------+---------+-------
      Total |    1351 |     604 |  30.9 |      72 |      70 |  49.3
            +---------+---------+-------+---------+---------+-------
        D:1 |      40 |       0 |   0.0 |      20 |       0 |   0.0
        D:2 |       9 |       0 |   0.0 |       7 |       0 |   0.0
        D:3 |      19 |       7 |  26.9 |       9 |       4 |  30.8
        D:4 |     333 |     269 |  44.7 |      13 |       8 |  38.1
        D:5 |     950 |      50 |   5.0 |      23 |       4 |  14.8
    Ossuary |       0 |     278 | 100.0 |       0 |      54 | 100.0
            +---------+---------+-------+---------+---------+-------
